 Dungeon Crawl Stone Soup version 0.18.1-5-g4a78601 (webtiles) character file.

8050 esc the Thaumaturge (level 11, -4/59 HPs)
             Began as a Deep Elf Fire Elementalist on May 12, 2016.
             Was a Follower of Vehumet.
             Slain by Sonja
             ... wielding a +0 dagger of distortion
              (5 damage)
             ... on level 1 of the Lair of Beasts.
             The game lasted 00:37:34 (11375 turns).

esc the Thaumaturge (Deep Elf Fire Elementalist)   Turns: 11375, Time: 00:37:35

Health: -4/59      AC: 12    Str:  9    XL:     11   Next: 4%
Magic:  22/26      EV: 16    Int: 30    God:    Vehumet [*.....]
Gold:   380        SH:  0    Dex: 15    Spells: 7 memorised, 12 levels left

rFire  . . .     SeeInvis .     i - +9 dagger (distort) {!w}
rCold  . . .     Gourm    .     I - +3 leather armour {MR+}
rNeg   . . .     Faith    .     (no shield)
rPois  .         Spirit   .     H - +0 helmet
rElec  .         Dismiss  .     (no cloak)
rCorr  +         Reflect  .     D - +0 pair of gloves of Objectivity {Int+3} (curse)
SustAt .         Harm     .     z - +1 pair of boots
MR     ++...                    (no amulet)
Stlth  ++........               u - +3 ring of intelligence
                                M - ring "Zathrejikk" {rCorr Str+4}

@: about to teleport, slowed, very slow, very resistant to hostile enchantments,
unstealthy
A: thin metallic scales 1, low mp 1, mutation resistance 1
a: Renounce Religion


You were on level 1 of the Lair of Beasts.
You worshipped Vehumet.
Vehumet was aware of your devotion.
You were not hungry.

You visited 3 branches of the dungeon, and saw 13 of its levels.
You also visited: Ossuary.

You collected 606 gold pieces.
You spent 226 gold pieces at shops.

Inventory:

Hand Weapons
 i - a +9 dagger of distortion (weapon) {!w}
   (You found it on level 1 of the Dungeon)
 F - a +0 blowgun
   (You took it off a kobold on level 8 of the Dungeon)
Missiles
 m - 317 stones (quivered)
 B - 5 javelins
 G - 17 poisoned needles
 N - 3 throwing nets {=f, !d}
Armour
 z - a +1 pair of boots (worn)
   (You bought it in a shop on level 6 of the Dungeon)
 D - the cursed +0 pair of gloves of Objectivity (worn) {Int+3}
   (You found it on level 8 of the Dungeon)

   It affects your intelligence (+3).
   It has a curse placed upon it.
 H - a +0 helmet (worn)
   (You found it on level 9 of the Dungeon)
 I - a +3 leather armour of magic resistance (worn)
   (You took it off Joseph on level 9 of the Dungeon)
Jewellery
 h - an uncursed ring of positive energy {rN+}
   (You found it on level 5 of the Dungeon)
 u - a +3 ring of intelligence (right hand)
   (You took it off an orc on level 10 of the Dungeon)
 v - an uncursed ring of positive energy {rN+}
   (You found it on level 1 of the Lair of Beasts)
 M - the ring "Zathrejikk" (left hand) {rCorr Str+4}
   (You acquired it on level 10 of the Dungeon)

   [ring of resist corrosion]

   It affects your strength (+4).
Wands
 n - a wand of lightning (3/15)
   (You found it on level 6 of the Dungeon)
 q - a wand of teleportation (7/9)
   (You found it on level 3 of the Dungeon)
 r - a wand of paralysis (8/24)
   (You found it on level 3 of the Dungeon)
 J - a wand of paralysis (15/24)
   (You found it on level 10 of the Dungeon)
 K - a wand of acid (9/15)
   (You found it on level 10 of the Dungeon)
 S - a wand of iceblast (10/15)
   (You found it on level 1 of the Lair of Beasts)
Scrolls
 e - a scroll of teleportation
 g - 6 scrolls of remove curse
 t - a scroll of recharging
 y - a scroll of fog
 C - a scroll of enchant weapon
 L - a scroll of magic mapping {!r}
 Q - a scroll of identify
 R - a scroll of fear
Potions
 a - a potion of invisibility
 d - 2 potions of curing
 f - 3 potions of ambrosia
 k - a potion of resistance
 l - 4 potions of might
 o - 4 potions of flight
 s - a potion of haste
 w - a potion of lignification {!q}
 x - 3 potions of berserk rage {!q}
 A - a potion of agility {unknown}
 E - a potion of cure mutation {!q}
 P - a potion of magic {unknown}
Books
 b - a book of Flames
 p - a book of Battle
   (You found it on level 3 of the Dungeon)
Comestibles
 c - 5 bread rations {@e1}
 j - 7 meat rations {@e2}
 O - 8 chunks of flesh {@w0}


   Skills:
 - Level 2.6 Fighting
 - Level 2.5 Short Blades
 - Level 7.9 Dodging
 - Level 2.4 Stealth
 + Level 11.7 Spellcasting
 + Level 9.7 Conjurations
 + Level 10.1 Fire Magic


You had 12 spell levels left.
You knew the following spells:

 Your Spells              Type           Power        Failure   Level  Hunger
a - Flame Tongue          Conj/Fire      #####        1%          1    None
c - Conjure Flame         Conj/Fire      ######..     1%          3    None
f - Fireball              Conj/Fire      ######....   1%          5    ##.....
r - Regeneration          Chrm/Necr      ###.......   14%         3    None
s - Sticky Flame          Conj/Fire      ######..     1%          4    None
x - Throw Flame           Conj/Fire      ######       1%          2    None
z - Spectral Weapon       Hex/Chrm       ###.....     14%         3    None


Dungeon Overview and Level Annotations

Branches:
Dungeon (11/15)            Temple (1/1) D:7            Lair (1/8) D:11
    Orc (0/2) D:10

Altars:
Ashenzari
Cheibriados
Dithmenos
Elyvilon
Fedhas
Gozag
Kikubaaqudgha
Makhleb
Nemelex Xobeh
Okawaru
Pakellas
Qazlal
Ru
Sif Muna
Trog
Vehumet
Xom
Yredelemnul
Zin
The Shining One

Shops:
D:5 *   D:6 [   D:7 *

Annotations:
D:3 1 runed door
D:7 Uberwunderbarhen's ghost, novice MiFi
D:10 Harold
Lair:1 Sonja
Abyss:1 Sigmund


Innate Abilities, Weirdness & Mutations

You are partially covered in thin metallic scales (AC +2).
Your magical capacity is low (-10% MP).
You are somewhat resistant to further mutation.


Message History

You see here a komodo dragon corpse.
You butcher the komodo dragon corpse.
O - 9 chunks of flesh {@w0} (gained 4)
You see here a komodo dragon skeleton.
You see here a crocodile corpse.
You butcher the crocodile corpse.
O - 13 chunks of flesh {@w0} (gained 4)
You see here a crocodile skeleton.
You start resting.
Your magical contamination has completely faded away.
You regained 4 hp, and now have 57/59 hp.
You regained 3 mp, and now have 17/26 mp.
You start resting.
Some of the chunks of flesh in your inventory have rotted away.
Health restored: 59; MP restored: 26 You see here a club.
You now have 380 gold pieces (gained 11).
Found a stone staircase leading down.
You don't know that spell.
You don't know that spell.
You can't see any susceptible monsters within range! (Use Z to cast anyway.)
You see here a scroll of fear.
R - a scroll of fear The river rat bites you but does no damage.
You hit the river rat. The river rat bites you.
You take 5 damage, and have 54/59 hp.
You puncture the river rat!
Space warps horribly around the river rat!
You kill the river rat!
Vehumet accepts your kill.
No target in view!
You see here a river rat corpse.
You butcher the river rat corpse.
Things that are here:
an inedible chunk of flesh {@w0}; a river rat skeleton
S - a wand of iceblast A crocodile comes into view.
A spiny frog comes into view.
The spiny frog croaks.
Sonja, the Graceful Assassin comes into view.
She is wielding a dagger of distortion.
Sonja shouts!
Sonja casts a spell.
Sonja blinks!
Sonja unwields an uncursed dagger of distortion.
Its appearance distorts for a moment.
Sonja wields a glowing blowgun.
Sonja shoots a curare-tipped needle.
The curare-tipped needle barely misses you.
You see here a curare-tipped needle.
Unknown command.
Sonja shoots a curare-tipped needle.
The curare-tipped needle closely misses you.
Sonja shoots a curare-tipped needle.
The curare-tipped needle hits you.
You are poisoned.
You have difficulty breathing.
You feel yourself slow down.
Sonja shoots a curare-tipped needle.
The curare-tipped needle barely misses you.
You see here 3 curare-tipped needles.
You take 8 damage, and have 49/59 hp.
Unknown command.
You feel sick.
You take 2 damage, and have 47/59 hp.
You feel sick. The spiny frog stings you!
You are more poisoned.
The spiny frog poisons you!
You take 16 damage, and have 31/59 hp.
MASSIVE DAMAGE!!
Drink which item? (? for menu, Esc to quit)
Okay, then.
Read which item? (? for menu, Esc to quit)
As you read the scroll of teleportation, it crumbles to dust.
You feel strangely unstable.
You feel very sick.
Sonja gestures wildly while chanting.
Sonja blinks!
The spiny frog completely misses you. The spiny frog stings you!
* * * LOW HITPOINT WARNING * * *
You are more poisoned.
The spiny frog poisons you!
You take 18 damage, and have 13/59 hp.
MASSIVE DAMAGE!!
Drink which item? (? for menu, Esc to quit)
You feel better. The spiny frog closely misses you. The spiny frog stings you.
You regained 6 hp, and now have 19/59 hp.
Aim: Sonja, wielding an enchanted blowgun The sticky flame hits Sonja.
Sonja is covered in liquid flames!
Sonja burns! x2
Sonja unwields an uncursed enchanted blowgun.
Sonja wields an uncursed dagger of distortion.
Its appearance distorts for a moment.
Sonja barely misses you.
Sonja hits you with an uncursed dagger of distortion.
Space warps horribly around you!
* * * LOW HITPOINT WARNING * * *
Sonja hits you but does no damage. Space bends around you.
* * * LOW HITPOINT WARNING * * *
The spiny frog barely misses you.
Sonja hits you with an uncursed dagger of distortion.
You die...

...........)...........#.###P####
.................................
.....t...........................
K$.........%.....................
.....................(...........
...............(.................
..............t(.................
###############PFK...............
##@......########## #........#
##........ #.......# #.......#
#.......# #.......# #........


You could see a spiny frog, Sonja (burning) and a crocodile.

Vanquished Creatures
  The ghost of M4edhros the Covert, a novice OpNe of Cheibriados (D:9)
  2 hill giants (D:10)
  A manticore (D:11)
  Joseph (D:9)
  A spiny frog (Lair:1)
  2 komodo dragons (Lair:1)
  Grinder (D:5)
  A spriggan (D:7)
  A basilisk (Lair:1)
  4 yaks (D:10)
  2 water moccasins (Lair:1)
  2 orc warriors
  3 ice beasts
  2 ogres
  A phantom (D:11)
  A necrophage (D:8)
  A sky beast (D:7)
  3 centaurs
  2 crocodiles
  A big kobold (D:8)
  2 giant frogs
  An elf skeleton (D:4)
  A scorpion (D:5)
  5 wights (D:7)
  A howler monkey (D:5)
  A crimson imp (D:7)
  A centaur zombie (D:8)
  A quasit (D:7)
  2 human zombies
  A centaur skeleton (D:9)
  6 hounds
  2 jellies
  7 orc wizards
  2 giant frog skeletons
  A human skeleton (D:4)
  6 orc priests
  2 gnoll shamans
  Terence (D:2)
  An iguana (D:6)
  9 worker ants
  A killer bee zombie (D:7)
  The ghost of Uberwunderbarhen the Chopper, a weakling MiBe of Trog (D:4)
  A hound zombie (D:5)
  A hound skeleton (D:6)
  3 mummies (Ossuary)
  A worker ant zombie (D:7)
  9 gnolls
  9 adders
  6 river rats (Lair:1)
  2 oozes
  3 adder zombies
  2 adder skeletons
  A worm (D:3)
  7 giant geckos
  31 orcs
  4 ball pythons
  10 bats
  6 giant cockroaches
  A gnoll zombie (D:3)
  8 goblins
  6 hobgoblins
  4 jackals
  10 kobolds
  9 quokkas
  A giant gecko skeleton (D:7)
  6 giant newts
  A goblin zombie (Ossuary)
  A hobgoblin zombie (Ossuary)
  3 kobold zombies (Ossuary)
  3 orc skeletons (D:4)
  6 quokka zombies (Ossuary)
  9 rats
  2 rat zombies (Ossuary)
  A plant (D:11)
255 creatures vanquished.

Vanquished Creatures (others)
  A boulder beetle (D:3)
  A giant frog (D:3)
  A howler monkey (D:7)
  A hound (D:4)
  An iguana (D:6)
  An adder (D:7)
  A jackal (D:2)
  A gnoll zombie (D:3)
  A goblin zombie (Ossuary)
  A hobgoblin zombie (Ossuary)
  A quokka zombie (D:7)
  A rat (D:3)
  2 spectral weapons
14 creatures vanquished.

Grand Total: 269 creatures vanquished

Notes
Turn   | Place    | Note
--------------------------------------------------------------
     0 | D:1      | esc the Deep Elf Fire Elementalist began the quest for the Orb.
     0 | D:1      | Reached XP level 1. HP: 10/10 MP: 6/6
   100 | D:1      | Gained mutation: Your magical capacity is low (-10% MP). [potion of mutation]
   100 | D:1      | Gained mutation: You are somewhat resistant to further mutation. [potion of mutation]
   100 | D:1      | Gained mutation: You are partially covered in thin metallic scales (AC +2). [potion of mutation]
   107 | D:1      | Reached XP level 2. HP: 15/15 MP: 5/7
   168 | D:1      | Found an iron altar of Okawaru.
   204 | D:1      | Reached XP level 3. HP: 20/20 MP: 3/9
   299 | D:1      | Reached skill level 1 in Fighting
   828 | D:2      | Noticed Terence
   835 | D:2      | Killed Terence
   835 | D:2      | Reached XP level 4. HP: 9/25 MP: 8/10
   858 | D:2      | Reached skill level 3 in Dodging
  1104 | D:2      | Reached skill level 2 in Conjurations
  1205 | D:2      | Reached skill level 4 in Fire Magic
  1352 | D:2      | Reached skill level 1 in Short Blades
  1519 | D:3      | Reached skill level 4 in Spellcasting
  1530 | D:3      | Learned a level 2 spell: Throw Flame
  1534 | D:3      | Learned a level 3 spell: Conjure Flame
  1538 | D:3      | Learned a level 3 spell: Regeneration
  1573 | D:3      | Reached XP level 5. HP: 29/29 MP: 0/12
  1886 | D:3      | Found an oddly glowing altar of Pakellas.
  1887 | D:3      | Noticed a boulder beetle
  1899 | D:3      | Killed a boulder beetle
  1911 | D:3      | Noticed Sigmund
  1927 | D:3      | Found a glowing silver altar of Zin.
  1947 | D:3      | Banished Sigmund
  1947 | D:3      | Reached skill level 2 in Fighting
  1947 | D:3      | Reached skill level 3 in Conjurations
  1947 | D:3      | Reached XP level 6. HP: 23/35 MP: 9/13
  1971 | D:3      | Noticed an angel
  1972 | D:3      | Found a runed door.
  2262 | D:3      | Reached skill level 2 in Short Blades
  2262 | D:3      | Reached skill level 4 in Dodging
  2436 | D:3      | Found a basalt altar of Yredelemnul.
  2742 | D:4      | Reached skill level 5 in Spellcasting
  2742 | D:4      | Reached XP level 7. HP: 40/40 MP: 12/15
  2767 | D:4      | Found a sand-covered staircase.
  2841 | Ossuary  | Entered an ossuary
  3515 | D:4      | Reached skill level 5 in Fire Magic
  3526 | D:4      | Noticed Uberwunderbarhen's ghost (weakling MiBe)
  3529 | D:4      | Killed Uberwunderbarhen's ghost
  3958 | D:5      | Entered Level 5 of the Dungeon
  3962 | D:5      | Found Miorux's General Store.
  3975 | D:5      | Bought a scroll of teleportation for 42 gold pieces
  3983 | D:5      | Reached skill level 4 in Conjurations
  4045 | D:5      | Reached skill level 6 in Spellcasting
  4084 | D:5      | Found a sparkling altar of Nemelex Xobeh.
  4234 | D:5      | Learned a level 4 spell: Sticky Flame
  4238 | D:5      | Learned a level 3 spell: Spectral Weapon
  4238 | D:5      | Noticed Grinder
  4244 | D:5      | Killed Grinder
  4244 | D:5      | Reached XP level 8. HP: 45/45 MP: 4/18
  4371 | D:5      | Reached skill level 5 in Conjurations
  4371 | D:5      | Reached skill level 6 in Fire Magic
  4657 | D:5      | Found a white marble altar of Elyvilon.
  4678 | D:5      | Reached skill level 7 in Spellcasting
  4837 | D:6      | Reached skill level 5 in Dodging
  5054 | D:6      | Found a shattered altar of Ashenzari.
  5077 | D:6      | Found Yniliu's Armour Shop.
  5123 | D:6      | HP: 7/45 [gnoll/halberd (6)]
  5136 | D:6      | Bought a +1 pair of boots for 126 gold pieces
  5714 | D:7      | Found a shimmering altar of Xom.
  5802 | D:7      | Reached skill level 8 in Spellcasting
  5802 | D:7      | Reached skill level 6 in Conjurations
  5891 | D:7      | Reached XP level 9. HP: 40/49 MP: 5/21
  5899 | D:7      | Reached skill level 6 in Dodging
  5987 | D:7      | Noticed Uberwunderbarhen's ghost (novice MiFi)
  6185 | D:7      | Reached skill level 7 in Fire Magic
  6340 | D:7      | Found an opulent altar of Gozag.
  6353 | D:7      | Found Venov's Assorted Antiques.
  6362 | D:7      | Bought a scroll of identify for 40 gold pieces
  6362 | D:7      | Bought a golden potion for 18 gold pieces
  6670 | D:7      | Found a staircase to the Ecumenical Temple.
  6676 | Temple   | Entered the Ecumenical Temple
  6707 | Temple   | Became a worshipper of Vehumet
  6898 | D:7      | Found a sparkling altar of Nemelex Xobeh.
  6996 | D:8      | Reached skill level 9 in Spellcasting
  7380 | D:8      | Reached skill level 7 in Conjurations
  7412 | D:8      | Reached skill level 7 in Dodging
  7462 | D:8      | Got a wavering crystal amulet
  7478 | D:8      | Got a pair of distressingly furry gloves
  7481 | D:8      | Identified the amulet "Muris" {Inacc Stlth+} (You found it on level 8 of the Dungeon)
  7496 | D:8      | Identified the cursed +0 pair of gloves of Objectivity {Int+3} (You found it on level 8 of the Dungeon)
  7809 | D:8      | Reached * piety under Vehumet
  7809 | D:8      | Offered knowledge of Sandblast by Vehumet.
  7809 | D:8      | Reached skill level 8 in Fire Magic
  8178 | D:9      | Noticed Joseph
  8206 | D:9      | Found a stormy altar of Qazlal.
  8416 | D:9      | Noticed M4edhros's ghost (novice OpNe)
  8442 | D:9      | Killed M4edhros's ghost
  8442 | D:9      | Reached XP level 10. HP: 38/54 MP: 12/23
  8877 | D:9      | Killed Joseph
  8877 | D:9      | Reached skill level 10 in Spellcasting
  9047 | D:10     | Entered Level 10 of the Dungeon
  9047 | D:10     | Noticed Harold
  9130 | D:10     | Noticed a hill giant
  9130 | D:10     | Noticed a hill giant
  9130 | D:10     | Reached skill level 8 in Conjurations
  9165 | D:10     | Found a staircase to the Orcish Mines.
  9168 | D:10     | HP: 12/54 [hill giant/giant spiked club (37)]
  9445 | D:10     | Killed a hill giant
  9445 | D:10     | Reached skill level 9 in Fire Magic
  9566 | D:10     | Killed a hill giant
  9879 | D:10     | Reached skill level 11 in Spellcasting
 10018 | D:10     | Identified a scroll of acquirement
 10019 | D:10     | Got a fine bronze ring
 10021 | D:10     | Identified the ring "Zathrejikk" {rCorr Str+4} (You acquired it on level 10 of the Dungeon)
 10067 | D:10     | Reached skill level 9 in Conjurations
 10111 | D:10     | HP: 6/54 [Harold/bolt of fire (27)]
 10768 | D:11     | Noticed a manticore
 10775 | D:11     | Killed a manticore
 10860 | D:11     | Found a staircase to the Lair.
 10876 | Lair:1   | Entered Level 1 of the Lair of Beasts
 10954 | Lair:1   | Learned a level 5 spell: Fireball
 10988 | Lair:1   | Noticed a spiny frog
 10999 | Lair:1   | Killed a spiny frog
 10999 | Lair:1   | Reached skill level 10 in Fire Magic
 11094 | Lair:1   | Reached XP level 11. HP: 54/59 MP: 13/25
 11361 | Lair:1   | Noticed Sonja
 11373 | Lair:1   | HP: 13/59 [spiny frog (15)]
 11375 | Lair:1   | HP: 2/59 [Sonja/uncursed dagger of distortion (17)]
 11375 | Lair:1   | Slain by Sonja

Skill      XL: |  1  2  3  4  5  6  7  8  9 10 |
---------------+-------------------------------+-----
Fighting       | 1 2 |  2.6
Dodging        | 3 4 5 7 |  7.9
Conjurations   | 2 3 4 6 7 9 |  9.7
Fire Magic     | 4 5 6 8 10 | 10.1
Short Blades   | 1 2 |  2.5
Spellcasting   | 4 5 6 8 9 11 | 11.7
Stealth        | |  2.4

Action                   |  1- 3 |  4- 6 |  7- 9 | 10-12 || total
-------------------------+-------+-------+-------+-------++-------
Melee: Dagger            |    41 |    77 |   196 |    41 ||   355
       Falchion          |     1 |       |       |       ||     1
Throw: Stone             |       |     1 |       |       ||     1
 Cast: Flame Tongue      |    30 |    37 |    85 |    21 ||   173
       Throw Flame       |       |    11 |    46 |    59 ||   116
       Sticky Flame      |       |       |    45 |    22 ||    67
       Spectral Weapon   |       |       |     8 |     4 ||    12
       Regeneration      |       |       |     1 |       ||     1
       Conjure Flame     |       |       |       |     1 ||     1
Evoke: Wand              |       |       |     2 |     3 ||     5
  Use: Scroll            |     4 |     6 |    17 |     8 ||    35
       Potion            |     1 |       |       |     5 ||     6
 Stab: Sleeping          |     2 |     3 |    10 |     1 ||    16
       Distracted        |       |     1 |       |       ||     1
  Eat: Chunk             |       |     6 |    15 |     1 ||    22
       Pizza             |       |       |     3 |     1 ||     4
       Beef jerky        |       |       |     1 |       ||     1
       Bread ration      |       |       |       |     2 ||     2
Armor: Robe              |    11 |    21 |    50 |       ||    82
       Leather armour    |       |       |    10 |    13 ||    23
Dodge: Dodged            |    39 |    54 |   151 |    42 ||   286

Vault maps used:
D:1:      dpeg_arrival_tiny_d, okawaru_ov_weapons_minmay
D:2:      first_bread, uniq_terence
D:3:      lemuel_zombie_altar_yredelemnul, gammafunk_pakellas_spire_experiment,
          lemuel_angel_altar, uniq_sigmund
D:4:      nicolae_ossuary_entry_catacombs
D:5:      old_standard_altar, kennysheep_little_box, serial_shops,
          nicolae_shop_crystal, hex_tiny, mrwooster_statue_mirror,
          kennysheep_big_empty_room, kennysheep_cluttered_room, uniq_grinder
D:6:      cheibrodos_ashenzari_chains, serial_shops, shop, st_stairs_10
D:7:      xom_confusion_cloud, old_standard_altar,
          minmay_temple_entry_enclosed_plants, serial_shops,
          nicolae_shop_overgrown_old_shop, serial_curves, eino_curves_02,
          eino_curves_04, the_bakery, nemelex_altar_shiori
D:9:      grunt_qazlal_sundering, uniq_joseph
D:10:     david_orc_3, uniq_harold
D:11:     dpeg_oklobed_lair, serial_glass, glass_columns_a, glass_columns_a,
          portal_ice_cave_entry_ice_statue_01, hex_medium,
          grunt_dithmenos_shadows
Temple:   circular_temple_12
Lair:1:   uniq_sonja
Ossuary:  ossuary_minmay_chase

Table legend:
 A = Turns spent in this place as a percentage of turns spent in the entire game.
 B = Non-inter-level travel turns spent in this place as a percentage of non-inter-level travel turns spent in the entire game.
 C = Inter-level travel turns spent in this place as a percentage of turns spent in this place.
 D = Turns resting spent in this place as a percentage of non-inter-level travel turns spent in this place.
 E = Turns spent auto-exploring this place as a percentage of non-inter-level travel turns spent in this place.
 F = Non-inter-level travel turns spent in this place divided by the number of levels of this place that you've seen.
                   A       B       C       D       E      F
               +-------+-------+-------+-------+-------+----------------------
         Total | 100.0 | 100.0 |   0.5 |   3.4 |   8.9 | 226.3
       Dungeon |  87.4 |  87.4 |   0.6 |   3.3 |   8.9 | 251.6
        Temple |   1.5 |   1.5 |   0.0 |   0.0 |   8.2 |  49.0
          Lair |   5.4 |   5.4 |   0.0 |   4.1 |   6.4 | 171.0
       Ossuary |   5.7 |   5.7 |   0.0 |   5.6 |  11.7 | 180.0
               +-------+-------+-------+-------+-------+----------------------

Table legend:
 A = Kills in this place as a percentage of kills in entire the game.
 B = Kills by you in this place as a percentage of kills by you in the entire game.
 C = Kills by friends in this place as a percentage of kills by friends in the entire game.
 D = Other kills in this place as a percentage of other kills in the entire game.
 E = Experience gained in this place as a percentage of experience gained in the entire game.
 F = Experience gained in this place divided by the number of levels of this place that you have seen.
                   A       B       C       D       E      F
               +-------+-------+-------+-------+-------+----------------------
         Total | 100.0 | 100.0 |  -nan | 100.0 | 100.0 | 821.5
       Dungeon |  87.4 |  87.4 |  -nan |  87.5 |  83.4 | 872.5
          Lair |   5.0 |   5.1 |  -nan |   0.0 |  15.5 | 1782.0
       Ossuary |   7.6 |   7.5 |  -nan |  12.5 |   1.1 | 122.0
               +-------+-------+-------+-------+-------+----------------------
